 Dungeon Crawl Stone Soup version 0.21.1-1-g345015f (webtiles) character file.

198 Iko the Bolt Thrower (level 5, -1/47 HPs)
             Began as an Ogre Hunter on June 20, 2018.
             Was an Initiate of Hepliaklqana.
             Slain by a wight
             ... wielding a +0 hand axe
              (3 damage)
             ... on level 6 of the Dungeon.
             The game lasted 00:05:42 (665 turns).

Iko the Bolt Thrower (Ogre Hunter)                   Turns: 665, Time: 00:05:43

Health: -1/47      AC:  4    Str: 16    XL:     5   Next: 77%
Magic:  5/5        EV: 10    Int: 12    God:    Hepliaklqana [......]
Gold:   58         SH:  0    Dex: 10    Spells: 4/4 levels left

rFire    . . .     SeeInvis .   g - +0 trident
rCold    . . .     Gourm    .   (no shield)
rNeg     . . .     Faith    .   c - +1 robe
rPois    .         Spirit   .   (helmet restricted)
rElec    .         Reflect  .   (no cloak)
rCorr    .         Harm     .   (gloves unavailable)
MR       .....                  (boots unavailable)
Stlth    +.........             (no amulet)
HPRegen  0.15/turn              (no ring)
MPRegen  0.09/turn              (no ring)

@: drained
A: large, unfitting armour, reduced essence, tough skin 1
a: Recall Ancestor, Ancestor Identity, Renounce Religion


You were on level 6 of the Dungeon.
You worshipped Hepliaklqana.
Hepliaklqana was noncommittal.
You were not hungry.

You visited 1 branch of the dungeon, and saw 6 of its levels.

You collected 58 gold pieces.

Inventory:

Hand Weapons
 a - a +1 hand crossbow
 g - a +0 trident (weapon)
Missiles
 d - 14 bolts
Armour
 c - a +1 robe (worn)
Potions
 b - a potion of degeneration {unknown}
Comestibles
 f - 2 rations


   Skills:
 + Level 3.4(3.0) Fighting
 + Level 4.9(4.5) Crossbows
 + Level 2.0(1.6) Dodging
 + Level 0.7(0.4) Stealth


You had 4 spell levels left.
You didn't know any spells.

Dungeon Overview and Level Annotations

Branches:
Dungeon (6/15)
 Temple: D:4-7

Altars:
Elyvilon
Hepliaklqana


Innate Abilities, Weirdness & Mutations

You are too large for most types of armour.
You have tough skin. (AC +1)
Your life essence is reduced to manifest your ancestor. (-10% HP)


Message History

The wight closely misses you. The wight hits you but does no damage.
You hit the wight but do no damage.
The wight is moderately damaged.
The wight hits you but does no damage.
You hit the wight but do no damage.
The wight is moderately damaged.
The wight hits you with a hand axe.
You feel drained.
* * * LOW HITPOINT WARNING * * *
You barely miss the wight.
The wight is moderately damaged.
The wight hits you with a hand axe.
* * * LOW HITPOINT WARNING * * *
You closely miss the wight.
The wight is moderately damaged.
The wight hits you with a hand axe!
* * * LOW HITPOINT WARNING * * *
You closely miss the wight.
The wight is moderately damaged.
The wight hits you with a hand axe.
You die...

####.###.#
#......#.##
#.##.#.#..#########
###.##.#.#.#.........
#.........###.######.
#.#.##.###.#.## #. #.
#.# #.# #.
#.#.##z###### ##.
#...@zOz.# #..
##..####.....# #.#
..... .....# ## #.#
#.###. ....# #.##.# #
#. ....# #<#.# #.
...# ##..# .. ####
#.### .. #.# #.


You could see an ogre and 3 wights.

Vanquished Creatures
  Blork the orc (D:5)
  A wight (D:6)
  3 adders
  A worm (D:2)
  A giant cockroach (D:2)
  4 goblins
  2 bats
  2 frilled lizards
  4 kobolds
  A rat (D:3)
20 creatures vanquished.

Vanquished Creatures (collateral kills)
  A scorpion (D:6)
  2 jackals (D:2)
3 creatures vanquished.

Vanquished Creatures (others)
  3 ancestors
3 creatures vanquished.

Grand Total: 26 creatures vanquished

Notes
Turn   | Place    | Note
-------+----------+-------------------------------------------
     0 | D:1      | Iko the Ogre Hunter began the quest for the Orb.
     0 | D:1      | Reached XP level 1. HP: 22/22 MP: 1/1
    44 | D:1      | Reached skill level 3 in Crossbows
    73 | D:2      | Reached XP level 2. HP: 25/29 MP: 2/2
   100 | D:2      | Reached XP level 3. HP: 26/36 MP: 3/3
   132 | D:2      | Found a white marble altar of Elyvilon.
   140 | D:2      | Became a worshipper of Elyvilon the Healer
   193 | D:2      | Found a hazy altar of Hepliaklqana.
   209 | D:2      | Fell from the grace of Elyvilon
   209 | D:2      | Became a worshipper of Hepliaklqana the Forgotten
   468 | D:5      | Entered Level 5 of the Dungeon
   503 | D:5      | Noticed Blork the orc
   520 | D:5      | Killed Blork the orc
   520 | D:5      | Reached skill level 4 in Crossbows
   520 | D:5      | Reached XP level 4. HP: 40/40 MP: 4/4
   627 | D:6      | Reached XP level 5. HP: 42/47 MP: 5/5
   638 | D:6      | Noticed an ogre
   664 | D:6      | HP: 1/47 [wight/hand axe (10)]
   665 | D:6      | Slain by a wight

Skill      XL: |  1  2  3  4  5 |
---------------+----------------+-----
Crossbows      | 3 4 |  4.9
Fighting       | 3 |  3.4
Dodging        | 2 |  2.0
Stealth        | |  0.7

Action                   |  1- 3 |  4- 6 || total
-------------------------+-------+-------++-------
Melee: Short sword       |     2 |       ||     2
       Trident           |       |    23 ||    23
 Fire: Hand crossbow     |    33 |     4 ||    37
  Use: Potion            |     2 |       ||     2
       Scroll            |     2 |       ||     2
Armor: Robe              |     5 |     4 ||     9
Dodge: Dodged            |    10 |     9 ||    19
